 Dungeon Crawl Stone Soup version 0.19-a0-172-g3b1235c (webtiles) character file.

239 Duffy the Ruffian (level 5, -11/40 HPs)
             Began as a Minotaur Transmuter on May 22, 2016.
             Mangled by an ogre
             ... wielding a +0 giant club
              (19 damage)
             ... on level 4 of the Dungeon.
             The game lasted 00:03:13 (3731 turns).

Duffy the Ruffian (Minotaur Transmuter)             Turns: 3731, Time: 00:03:14

Health: -11/40     AC:  7    Str: 16    XL:     5   Next: 79%
Magic:  6/6        EV:  5    Int: 10    God:
Gold:   107        SH:  0    Dex: 10    Spells: 1 memorised, 6 levels left

rFire  . . .     SeeInvis .       - Unarmed
rCold  . . .     Gourm    .     o - +0 scale mail
rNeg   . . .     Faith    .     (no shield)
rPois  .         Spirit   .     (helmet restricted)
rElec  .         Dismiss  .     s - +0 cloak
rCorr  .         Reflect  .     (no gloves)
SustAt .         Harm     .     (no boots)
MR     .....                    (no amulet)
Stlth  ..........               (no ring)
                                (no ring)

@: not resistant to hostile enchantments, extremely unstealthy
A: retaliatory headbutt, horns 2
a: no special abilities


You were on level 4 of the Dungeon.
You were not hungry.

You visited 1 branch of the dungeon, and saw 4 of its levels.

You collected 107 gold pieces.


Innate Abilities, Weirdness & Mutations

You reflexively headbutt those who attack you in melee.
You have a pair of horns on your head.


   Skills:
 - Level 1.2 Fighting
 - Level 2.2 Dodging
 + Level 7.1 Unarmed Combat
 - Level 1.5 Spellcasting
 - Level 1.5 Transmutations


You had 6 spell levels left.
You knew the following spells:

 Your Spells              Type           Power        Failure   Level  Hunger
a - Beastly Appendage     Trmt           #.....       78%         1    ##.....

Inventory:

Missiles
 a - 37 arrows
 e - 27 poisoned needles
Armour
 b - a +0 robe
 m - a +0 ring mail
 o - a +0 scale mail (worn)
 s - a +0 cloak (worn)
Scrolls
 g - a scroll of enchant weapon {unknown}
 i - a scroll of immolation {unknown}
 j - 2 scrolls of identify {unknown}
 l - a scroll of remove curse {unknown}
 r - a scroll of noise {unknown}
 u - a scroll of enchant armour {unknown}
Potions
 f - a potion of might {unknown}
 k - 2 potions of invisibility {unknown}
 n - a potion of lignification {unknown}
 p - 2 potions of degeneration {unknown}
Books
 c - a book of Changes
Comestibles
 d - a bread ration
 h - 3 meat rations
 q - 2 fruits
 t - 2 chunks of flesh

Dungeon Overview and Level Annotations

Branches:
Dungeon (4/15)
 Temple: D:4-7

Altars:
Dithmenos
Gozag
Okawaru


Message History

You found a shaft!
Found an opulent altar of Gozag.
Some of the chunks of flesh in your inventory have rotted away.
A worker ant and an ogre come into view.
The ogre shouts!
Found a scroll labeled MIVOUH UDIPHA.
You hit the worker ant but do no damage.
The worker ant bites you.
You closely miss the worker ant. The worker ant misses you.
You hit the worker ant.
The worker ant is heavily wounded.
The worker ant bites you but does no damage.
You hit the worker ant but do no damage.
Your headbutt misses the worker ant. Your punch misses the worker ant.
The worker ant is heavily wounded.
The worker ant completely misses you. You furiously retaliate!
You headbutt the worker ant. You punch the worker ant!
You kill the worker ant!
Your Unarmed Combat skill increases to level 7!
A worker ant comes into view.
The worker ant twitches its antennae in your direction.
The ogre completely misses you.
You see here a worker ant corpse.
You punch the ogre!
The ogre is moderately wounded.
The ogre hits you with a giant club!
You barely miss the ogre. You headbutt the ogre!
The ogre is heavily wounded.
You hit the ogre. Your headbutt misses the ogre.
The ogre is severely wounded.
The ogre hits you with a giant club!!
You are too injured to fight recklessly!
You are too injured to fight recklessly!
You are too injured to fight recklessly!
You are too injured to fight recklessly!
You are too injured to fight recklessly!
You are too injured to fight recklessly!
You are too injured to fight recklessly!
You are too injured to fight recklessly!
You are too injured to fight recklessly!
You are too injured to fight recklessly!
You are too injured to fight recklessly!
You are too injured to fight recklessly!
You are too injured to fight recklessly!
You see here 3 tomahawks.
There is a stone staircase leading down here.
There is a stone staircase leading up here.
The ogre hits you with a giant club!!
You die...

### ##.. #####..##
##### #.......#
#...# #.......#
#...##### #.......#
#........
#..a....###.^.####.
#.@O....#.....###..
#...>.........##...
#########.##......#
#......(...##
.......###.#.###
#####.##...#....
#.#..####### ....#
#.#.#


You could see an ogre and a worker ant.

Action                   |  1- 3 |  4- 6 || total
-------------------------+-------+-------++-------
Melee: Unarmed           |    85 |   103 ||   188
       Headbutt          |     7 |    18 ||    25
       Punch             |     1 |       ||     1
  Eat: Chunk             |     2 |     7 ||     9
Armor: Robe              |    14 |     1 ||    15
       Ring mail         |       |    11 ||    11
       Scale mail        |       |    20 ||    20
Dodge: Dodged            |    51 |    48 ||    99

Notes
Turn   | Place    | Note
--------------------------------------------------------------
     0 | D:1      | Duffy the Minotaur Transmuter began the quest for the Orb.
     0 | D:1      | Reached XP level 1. HP: 16/16 MP: 1/1
   392 | D:1      | Reached XP level 2. HP: 19/23 MP: 3/3
   655 | D:1      | Reached skill level 4 in Unarmed Combat
   923 | D:2      | Reached XP level 3. HP: 16/28 MP: 4/4
  1303 | D:2      | Reached skill level 5 in Unarmed Combat
  1662 | D:2      | Reached XP level 4. HP: 35/35 MP: 5/5
  1850 | D:2      | Found a shadowy altar of Dithmenos.
  2395 | D:3      | Reached skill level 6 in Unarmed Combat
  2764 | D:3      | Reached XP level 5. HP: 34/40 MP: 6/6
  3496 | D:3      | Found an iron altar of Okawaru.
  3680 | D:4      | Found an opulent altar of Gozag.
  3690 | D:4      | Noticed an ogre
  3706 | D:4      | Reached skill level 7 in Unarmed Combat
  3731 | D:4      | Mangled by an ogre

Skill      XL: |  1  2  3  4  5 |
---------------+----------------+-----
Unarmed Combat | 4 5 6 7 |  7.1
Fighting       | |  1.2
Dodging        | |  2.2
Spellcasting   | |  1.5
Transmutations | |  1.5

Vault maps used:
D:1:      onia_arrival_pyramid
D:2:      lemuel_doored_altar, st_stairs_11
D:3:      lemuel_crystal_altar
D:4:      kennysheep_little_box, grunt_gozag_statues, first_bread,
          nicolae_underground_beach

Vanquished Creatures
  2 worker ants
  4 gnolls
  7 adders
  2 oozes
  An adder skeleton
  3 worms
  A giant gecko
  2 orcs
  A ball python
  9 bats
  2 giant cockroaches
  13 goblins
  5 hobgoblins
  6 jackals
  5 kobolds
  A quokka
  A giant newt
  8 rats
73 creatures vanquished.
